AoeStats
← Reis

MegaRandom

507326206Analyzed
4v4 RM · 15d ago on Sep 17, 2026· 4m 48s· 8 players
Game mode
Random Map
Map size
Large (8 player)
Population
200
Speed
Normal
Resources
Standard
Victory
Conquest
Starting age
Dark Age
Ending age
Imperial Age
RankedLock teamsTeams togetherTeam positionsShared explorationLock speedFull tech treeHidden civsTurbo modeCheats
Victory
Defeat
🇭🇰 Mongols · Hong Kong SAR China
1403
+13
🇨🇴 Jurchens · Colombia
1396
+14
🇨🇳 Sicilians · China
1337
+17
🇲🇽 Japanese · Mexico
1335
+16
🇩🇪 Poles · Germany
1376
-16
🇨🇭 Bulgarians · Switzerland
1360
-16
🇹🇷 Koreans · Türkiye
1353
-15
🇬🇧 Britons · United Kingdom
1286
-13
gytisrepsys
0:34 Loom
4♚Dreams
0:31 Loom
1:44 Loom
Reis
0:26 Loom
0:41 Loom
Subutay
2:37 Loom
AM | Tailor
0:42 Loom
higuilopez
3:11 Loom
SlyFever
0:34 Loom
crazy ant
0:33 Loom
Connection lost

Rejoining the realm…

Still unreachable

The connection could not be restored.

Session expired

The server has moved on; the page needs a fresh start.